 Dungeon Crawl Stone Soup version 0.31-a0-968-g24f9ace8b5 (webtiles) character file.

Game seed: 14062068558948653497

343 Shwaffel the Ducker (level 6, -3/43 HPs)
             Began as a Djinni Fire Elementalist on Oct 23, 2023.
             Slain by Edmund
             ... wielding a +0 flail of holy wrath
              (13 damage)
             ... on level 4 of the Dungeon on Oct 27, 2023.
             The game lasted 00:41:30 (2126 turns).

Shwaffel the Ducker (Djinni Fire Elementalist)      Turns: 2126, Time: 00:41:33

Health: -3/43      AC:  2    Str:  7    XL:     6   Next: 88%
Gold:   99         EV: 10    Int: 18    God:
                   SH:  0    Dex: 14

rFire   + + .        m - +2 dagger (venom)
rCold   x . .        (no shield)
rNeg    . . .        a - +0 robe
rPois   ∞            (no helmet)
rElec   .            (no cloak)
rCorr   .            (no gloves)
SInv    .            (boots unavailable)
Will    .....        (no amulet)
Stlth   ++           (no ring)
HPRegen 0.27/turn    (no ring)
MPRegen 0.00/turn

%: infuse magic (-4 HP)
@: flying, very slightly contaminated, constricted
A: sickness immunity, fire resistance 2, cold vulnerability 1, float, innate
caster, HP casting, extra vitality 1
a: no special abilities


You were on level 4 of the Dungeon.
You visited 1 branch of the dungeon, and saw 4 of its levels.

You collected 99 gold pieces.

Inventory:

Hand Weapons
 b - a +0 club
 d - a +0 dagger
 e - a +0 dagger
 g - a +0 spear
 j - a +0 dagger
 l - a +0 falchion
 m - a +2 dagger of venom (weapon)
Missiles
 s - 8 stones
Armour
 a - a +0 robe (worn)
 c - a +0 ring mail
 i - a +0 ring mail
 k - a +2 chain mail of cold resistance
 p - the +1 leather armour of a volcano {rC+}
   (You found it on level 3 of the Dungeon)

   rC+:       It protects you from cold.
Jewellery
 q - a ring of protection from fire
Wands
 n - a wand of flame (18)
Scrolls
 h - 2 scrolls of noise {unknown}
 o - 2 scrolls of teleportation {unknown}
 r - a scroll of enchant weapon {unknown}


   Skills:
 + Level 1.6 Fighting
 + Level 1.8(1.9) Short Blades
 + Level 0.2(1.1) Long Blades
 + Level 1.2 Armour
 + Level 4.0 Dodging
 + Level 3.0 Stealth
 * Level 3.7 Spellcasting
 * Level 3.7 Conjurations
 * Level 3.7 Hexes
 * Level 3.7 Summonings
 * Level 3.7 Necromancy
 * Level 3.7 Translocations
 * Level 3.7 Transmutations
 * Level 3.7 Fire Magic
 * Level 3.7 Ice Magic
 * Level 3.7 Air Magic
 * Level 3.7 Earth Magic
 * Level 3.7 Poison Magic


You knew the following spells:

 Your Spells              Type           Power      Damage    Failure   Level
a - Foxfire               Conj/Fire      64%        2x1d7     3%          1
b - Scorch                Fire           32%        2d6       4%          2
c - Volatile Blastmotes   Fire/Tloc      32%        2d12      10%         3
d - Inner Flame           Hex/Fire       16%        N/A       10%         3
e - Flame Wave            Conj/Fire      16%        2d7       32%         4
f - Summon Small Mammal   Summ           64%        N/A       3%          1
g - Ensorcelled Hibernat  Hex/Ice        32%        N/A       4%          2
Your spell library was empty.

Dungeon Overview and Level Annotations

Branches:
Dungeon (4/15)
 Temple: D:4-7

Altars:
Dithmenos
Hepliaklqana
Xom

Annotations:
D:4 Edmund


Innate Abilities, Weirdness & Mutations

You are immune to sickness and miasma.
You are immune to poison.
Your flesh is very heat resistant. (rF++)
You are vulnerable to cold. (rC-)
You float through the air rather than walking.
You learn spells naturally, not from books.
Your magical power is your life essence.
You have superior vitality. (+4 MHP)


Message History

Natasha casts a spell at you. You resist with some effort.
It was a potion of curing.
You feel better.
You kill Natasha!
You feel Natasha's spirit has finally been put to rest.
Your Dodging skill increases to level 4!
Found a scroll labelled MEKAAB YHOSYSISMA.
The kobold throws a stone.
The stone barely misses you.
Casting: Scorch (safe; 4% risk of failure)
Press: ? - help, Q - select action, (/) - cycle Dir - look around, f - activate Look: Edmund, wielding a +0 flail of holy wrath and wearing a +0 scale mail You miscast Scorch.
You are very lightly contaminated with residual magic.
Nothing appears to happen.
Edmund attacks as he pursues you!
Edmund hits you with a +0 flail of holy wrath!
A ball python comes into view.
The ball python hisses angrily.
Edmund attacks as he pursues you! Edmund closely misses you.
Edmund grinds his teeth, and then sighs.
A kobold comes into view. It is wielding a +0 club.
The ball python closely misses you. The ball python barely misses you.
Edmund hits you with a +0 flail of holy wrath.
The kobold throws a stone.
The stone hits you but does no damage.
The ball python attacks as it pursues you!
The ball python barely misses you. The ball python grabs you.
The ball python constricts you.
Casting: Scorch (safe; 4% risk of failure)
Press: ? - help, Q - select action, (/) - cycle Dir - look around, f - activate Look: a ball python (constricting you) Flames lash Edmund.
Edmund is lightly wounded.
Edmund's fire resistance burns away.
* * * LOW HITPOINT WARNING * * *
The kobold shouts!
The ball python misses you. The ball python constricts you.
* * * LOW HITPOINT WARNING * * *
Edmund hits you with a +0 flail of holy wrath!
You die...
Edmund whines, "They better pay attention to me now!"

#. #........
.K#####.........
....?..................
........................
..............!.........
........................
........................
.......@.K..............
.......S@...............
.............†..........
..............†.........
#############......####.
#<# #####.#.## #§#
#........#
#.#######.##.###.#
#v#.......##.#?#.....


You could see Edmund (combustible), a ball python and 2 kobolds.

Vanquished Creatures
  Eustachio (D:4)
  A black bear (D:3)
  Natasha (thrice) (D:4)
  An adder (D:3)
  A dart slug (D:1)
  2 orcs (D:3)
  3 ball pythons
  A bat (D:3)
  4 endoplasms
  3 giant cockroaches (D:1)
  3 goblins
  A hobgoblin (D:1)
  2 jackals (D:1)
  2 frilled lizards
  5 kobolds
  3 rats
36 creatures vanquished.

Vanquished Creatures (others)
  91 foxfires
91 creatures vanquished.

Grand Total: 127 creatures vanquished

Notes
Turn   | Place    | Note
-------+----------+-------------------------------------------
     0 | D:1      | Shwaffel the Djinni Fire Elementalist began the quest for
                  | the Orb.
     0 | D:1      | Shwaffel set off with the following spells memorised:
                  | Foxfire, Scorch, Volatile Blastmotes, Inner Flame, Flame
                  | Wave.
     0 | D:1      | Reached XP level 1. HP: 15/15 MP: 0/0
    98 | D:1      | Reached XP level 2. HP: 17/21 MP: 0/0
   489 | D:1      | Reached skill level 3 in Dodging
   489 | D:1      | Reached XP level 3. HP: 16/25 MP: 0/0
   489 | D:1      | Learned a level 1 spell: Summon Small Mammal
   952 | D:3      | Found a shadowy altar of Dithmenos.
  1006 | D:3      | Noticed a black bear
  1021 | D:3      | Killed a black bear
  1022 | D:3      | Reached skill level 1 in Fighting
  1022 | D:3      | Reached skill level 1 in Armour
  1022 | D:3      | Reached XP level 4. HP: 29/32 MP: 0/0
  1022 | D:3      | Reached XP level 5. HP: 33/37 MP: 0/0
  1022 | D:3      | Learned a level 2 spell: Ensorcelled Hibernation
  1068 | D:3      | Upgraded the game from 0.31-a0-960-g0fca184906 to
                  | 0.31-a0-968-g24f9ace8b5
  1115 | D:3      | Identified the +1 leather armour of a volcano {rC+}
  1407 | D:3      | Found a hazy altar of Hepliaklqana.
  1409 | D:3      | Found a shimmering altar of Xom.
  1410 | D:3      | Noticed a spectral ugly thing
  1614 | D:4      | Noticed Eustachio
  1615 | D:4      | Noticed Natasha
  1792 | D:4      | Killed Natasha
  2068 | D:4      | Killed Eustachio
  2069 | D:4      | Reached skill level 1 in Short Blades
  2069 | D:4      | Reached XP level 6. HP: 18/42 MP: 0/0
  2097 | D:4      | Noticed Natasha
  2098 | D:4      | Noticed Edmund
  2105 | D:4      | Killed Natasha
  2108 | D:4      | Noticed Natasha
  2117 | D:4      | Killed Natasha
  2118 | D:4      | Reached skill level 4 in Dodging
  2126 | D:4      | Slain by Edmund

Illustrated notes

Levels and vault maps discovered:
D:1:      psy_arrival_conway, layout_basic
D:2:      layout_basic, uniq_sigmund
D:3:      layout_loops_cross, regret_index_temple_of_mockery,
          nicolae_dithmenos_shadow_blocks
D:4:      layout_basic, nicolae_overflow_crystal_walls,
          minmay_temple_entry_statues_fountains, serial_shops,
          kennysheep_little_box, item_on_display_a, uniq_edmund, uniq_natasha,
          uniq_eustachio

Skill      XL: |  1  2  3  4  5  6 |
---------------+-------------------+-----
Spellcasting   | |  3.7
Conjurations   | |  3.7
Hexes          | |  3.7
Summonings     | |  3.7
Necromancy     | |  3.7
Translocations | |  3.7
Transmutations | |  3.7
Fire Magic     | |  3.7
Ice Magic      | |  3.7
Air Magic      | |  3.7
Earth Magic    | |  3.7
Poison Magic   | |  3.7
Stealth        | 2 3 |  3.0
Dodging        | 3 4 |  4.0
Fighting       | 1 |  1.6
Armour         | 1 |  1.2
Short Blades   | 1 |  1.8
Long Blades    | |  0.2

Action                     |  1- 3 |  4- 6 || total
---------------------------+-------+-------++-------
  Melee: Dagger            |    46 |    64 ||   110
         Punch             |     1 |       ||     1
         Falchion          |       |     8 ||     8
   Cast: Foxfire           |    36 |    30 ||    66
         Summon Small Mamm |       |     3 ||     3
         Scorch            |       |     2 ||     2
    Use: Potion            |       |     2 ||     2
 Armour: Robe              |    11 |    42 ||    53
         Chain mail        |     4 |       ||     4
  Dodge: Dodged            |    18 |    53 ||    71

Table legend: (Time is in decaauts)
 A = Elapsed time spent in this place.
 B = Non-inter-level travel time spent in this place.
 C = Inter-level travel time spent in this place.
 D = Time resting spent in this place.
 E = Time spent auto-exploring this place.
 F = Levels seen in this place.
 G = Mean time per level.
                   A        B        C        D        E       F      G
               +--------+--------+--------+--------+--------+-----+--------+
         Total |   2106 |    612 |   1494 |      0 |      0 |   4 |  526.5 |
       Dungeon |   2106 |    612 |   1494 |      0 |      0 |   4 |  526.5 |
               +--------+--------+--------+--------+--------+-----+--------+

Top non-repeatable levels by time:
     D:3: 1127 daAuts
     D:1: 757 daAuts
     D:4: 172 daAuts
     D:2: 49 daAuts
